 Dungeon Crawl Stone Soup version 0.24-a0-415-g6d73c25 (webtiles) character file.

Game seed: 756996956785085309

46 Alex the Sneak (level 3, -10/16 HPs)
             Began as a Spriggan Enchanter on June 8, 2019.
             Mangled by Crazy Yiuf
             ... wielding a +2 quarterstaff of chaos
              (13 damage)
             ... on level 2 of the Dungeon.
             The game lasted 00:05:38 (2399 turns).

Alex the Sneak (Spriggan Enchanter)                 Turns: 2399, Time: 00:05:39

Health: -10/16     AC:  2    Str:  4    XL:     3   Next: 44%
Magic:  3/8        EV: 19    Int: 17    God:
Gold:   111        SH:  0    Dex: 16    Spells: 4/7 levels left

rFire    . . .     SeeInvis +   h - +1 dagger (elec)
rCold    . . .     Gourm    .   (shield restricted)
rNeg     . . .     Faith    .   b - +0 robe
rPois    .         Spirit   .   (helmet restricted)
rElec    .         Reflect  .   g - scarf {repulsion}
rCorr    .         Harm     .   (gloves unavailable)
MR       .....                  (boots unavailable)
Stlth    +++.......             (no amulet)
HPRegen  0.05/turn              (no ring)
MPRegen  0.11/turn              (no ring)

@: very slightly contaminated, repel missiles, very quick
A: very small, unfitting armour, see invisible, herbivore, speed 3, slow
metabolism 2
a: no special abilities


You were on level 2 of the Dungeon.
You were not hungry.

You visited 1 branch of the dungeon, and saw 2 of its levels.

You collected 111 gold pieces.

Inventory:

Hand Weapons
 h - a +1 dagger of electrocution (weapon)
Missiles
 k - 60 stones (quivered)
 m - 27 sling bullets
Armour
 b - a +0 robe (worn)
 g - a scarf of repulsion (worn)
Scrolls
 e - a scroll of enchant armour {unknown}
 f - a scroll of amnesia {unknown}
 i - 4 scrolls of teleportation {unknown}
 n - a scroll of blinking {unknown}
 o - a scroll of identify {unknown}
Potions
 a - 2 potions of heal wounds {unknown}
 c - a potion of degeneration {unknown}
 j - 2 potions of ambrosia {unknown}
 l - 3 potions of flight {unknown}
Comestibles
 d - 2 rations


   Skills:
 + Level 1.5 Short Blades
 + Level 3.8 Dodging
 + Level 5.4 Stealth
 + Level 2.8 Spellcasting
 * Level 4.1 Hexes


You had 4 spell levels left.
You knew the following spells:

 Your Spells              Type           Power        Failure   Level  Hunger
a - Corona                Hex            ###....      3%          1    #......
b - Ensorcelled Hibernat  Hex/Ice        #.....       12%         2    ##.....

Your spell library contained the following spells:

 Spells                   Type           Power        Failure   Level  Hunger
 Confuse                  Hex            ###.....     10%         3    ###....
 Tukima's Dance           Hex            ###.....     10%         3    ###....
 Dazzling Spray           Conj/Hex       #.....       22%         3    ###....


Dungeon Overview and Level Annotations

Branches:
Dungeon (2/15)

Altars:

Annotations:
D:2 Crazy Yiuf


Innate Abilities, Weirdness & Mutations

You are very small and have problems with some larger weapons.
You are too small for most types of armour.
You have supernaturally acute eyesight. (SInv)
You are a herbivore.
You cover ground extremely quickly.
You need to consume almost no food.


Message History

Crazy Yiuf says, "Buddy unthinkable return to song!"
Crazy Yiuf drinks a potion.
Crazy Yiuf seems to grow stronger.
You hit Crazy Yiuf but do no damage. You hit Crazy Yiuf but do no damage.
Crazy Yiuf yells, "Liver!"
Crazy Yiuf hits you but does no damage.
You hit Crazy Yiuf.
Crazy Yiuf is lightly wounded.
Crazy Yiuf hits you with a +2 quarterstaff of chaos!
Ouch! That really hurt!
Crazy Yiuf burns you.
* * * LOW HITPOINT WARNING * * *
You closely miss Crazy Yiuf.
Crazy Yiuf is lightly wounded.
Crazy Yiuf zaps a wand.
You resist with some effort.
You hit Crazy Yiuf but do no damage. Lightning courses through Crazy Yiuf!
Crazy Yiuf is almost dead.
Crazy Yiuf hits you with a +2 quarterstaff of chaos!
Ouch! That really hurt!
You die...

#.....†...............
#.................####
#.......#######.......
######### #..#####
######### #..#####
#.......# #.......
#.......# #.######
####.......######.####
#)....g@.............#
#.##.................#
#.#################..#
#.# #..# #g# ####
#.##### ##### #.)))g##
###..)# ###
#..))))####.'...#
#.####
##))))).#.g##...#
#.....


You could see Crazy Yiuf.

Vanquished Creatures
  A worm (D:2)
  A dart slug (D:2)
  2 giant cockroaches (D:2)
  6 goblins
  3 hobgoblins (D:1)
  3 jackals
  5 kobolds
  9 bats
  5 frilled lizards
  4 rats
39 creatures vanquished.

Notes
Turn   | Place    | Note
-------+----------+-------------------------------------------
     0 | D:1      | Alex the Spriggan Enchanter began the quest for the Orb.
     0 | D:1      | Reached XP level 1. HP: 9/9 MP: 5/5
   174 | D:1      | Reached XP level 2. HP: 10/13 MP: 6/6
   178 | D:1      | Learned a level 2 spell: Ensorcelled Hibernation
   391 | D:1      | Reached skill level 5 in Stealth
  1220 | D:1      | Reached XP level 3. HP: 16/16 MP: 8/8
  2333 | D:2      | Found a runed translucent door.
  2352 | D:2      | Noticed Crazy Yiuf
  2399 | D:2      | Mangled by Crazy Yiuf

Levels and vault maps discovered:
D:1:      minmay_arrival_hallway, layout_basic, st_stairs_4
D:2:      layout_basic, uniq_crazy_yiuf_cottage

Skill      XL: |  1  2 |
---------------+-------+-----
Stealth        | 5 |  5.4
Hexes          | 4 |  4.1
Short Blades   | |  1.5
Dodging        | |  3.8
Spellcasting   | |  2.8

Action                   || total
-------------------------++-------
Melee: Dagger            ||   173
 Cast: Ensorcelled Hiber ||     6
 Stab: Sleeping          ||     9
       Distracted        ||     1
Armor: Robe              ||    28
Dodge: Dodged            ||   188
       Deflected         ||     2

Table legend:
 A = Non-vault XP
 B = Vault XP
 C = Vault XP percentage of total XP
 D = Non-vault monster count
 E = Vault monster count
 F = Vault count percentage of total count
                 A         B        C        D         E       F
            +---------+---------+-------+---------+---------+-------
      Total |      62 |       4 |   6.1 |      37 |       2 |   5.1
            +---------+---------+-------+---------+---------+-------
        D:1 |      37 |       4 |   9.8 |      24 |       2 |   7.7
        D:2 |      25 |       0 |   0.0 |      13 |       0 |   0.0
            +---------+---------+-------+---------+---------+-------
